 Dungeon Crawl Stone Soup version 0.23-a0-309-ge7838e6b1f (webtiles) character file.

91 PikkenKukken the Skirmisher (level 4, -1/35 HPs)
             Began as a Demonspawn Fighter on Oct 11, 2018.
             Slain by a gnoll
             ... wielding a +0 whip
              (6 damage)
             ... on level 3 of the Dungeon.
             The game lasted 00:03:43 (1273 turns).

PikkenKukken the Skirmisher (Demonspawn Fighter)    Turns: 1273, Time: 00:03:43

Health: -1/35      AC:  9    Str: 17    XL:     4   Next: 34%
Magic:  4/4        EV:  5    Int: 10    God:
Gold:   78         SH: 10    Dex: 12    Spells: 3/3 levels left

rFire    . . .     SeeInvis .   a - +1 war axe
rCold    . . .     Gourm    .   c - +1 shield
rNeg     . . .     Faith    .   h - +0 chain mail
rPois    .         Spirit   .   (no helmet)
rElec    .         Reflect  .   (no cloak)
rCorr    .         Harm     .   (no gloves)
MR       .....                  (no boots)
Stlth    ..........             o - amulet of magic regeneration
HPRegen  0.11/turn              i - ring of flight
MPRegen  0.34/turn              (no ring)

@: no status effects
A: hooves 1, spiny 1
a: Evoke Flight


You were on level 3 of the Dungeon.
You were not hungry.

You visited 1 branch of the dungeon, and saw 3 of its levels.

You collected 78 gold pieces.

Inventory:

Hand Weapons
 a - a +1 war axe (weapon)
Armour
 b - a +0 scale mail
 c - a +1 shield (worn)
 h - a +0 chain mail (worn)
Jewellery
 i - a ring of flight (left hand)
 o - an amulet of magic regeneration (around neck)
Scrolls
 j - 2 scrolls of identify
 k - a scroll of fear
 l - a scroll of remove curse
Potions
 d - a potion of might
 e - a potion of haste {unknown}
 m - a potion of degeneration {unknown}
 n - a potion of berserk rage {unknown}
 p - a potion of resistance {unknown}
Comestibles
 f - 6 rations
 g - 3 chunks of flesh


   Skills:
 + Level 3.3 Fighting
 * Level 2.7 Axes
 + Level 1.2 Throwing
 + Level 3.0 Armour
 + Level 1.0 Dodging
 + Level 3.0 Shields


You had 3 spell levels left.
You didn't know any spells.
Your spell library was empty.

Dungeon Overview and Level Annotations

Branches:
Dungeon (3/15)

Altars:


Innate Abilities, Weirdness & Mutations

You have large cloven feet.
You are partially covered in sharp spines.


Message History

The gnoll barely misses you.
Things that are here:
a club; a whip; a gnoll corpse You slash the gnoll!
The gnoll is heavily wounded.
The gnoll hits you with a whip. You block the gnoll's attack.
Found 4 gold pieces.
The gnoll hits you but does no damage. x2
Some of the chunks of flesh in your inventory have rotted away.
The gnoll is struck by your spines. The gnoll hits you but does no damage.
You block the gnoll's attack. The gnoll is struck by your spines.
The gnoll hits you with a spear!
* * * LOW HITPOINT WARNING * * *
Things that are here:
a club; a whip; a gnoll corpse You slash the gnoll!
You kill the gnoll!
You barely miss the gnoll. You block the gnoll's attack.
The gnoll is struck by your spines. The gnoll hits you with a whip.
You die...

################## ##
#................# #..
#.###.###.######.#
##... #.# #.# #<#
.....####.# #.# #.#
........#)###.# #.# ###
........g@....# #.###..
.$......########.#.##.#
#....#### #.###.#.#
#... ##.#.##.# #.
######.###.####
...............#
#######........#
#.###.#..# #.# #.#..#


You could see a gnoll.

Vanquished Creatures
  3 gnolls (D:3)
  2 adders (D:3)
  A worm (D:2)
  2 dart slugs
  A leopard gecko (D:1)
  5 goblins
  2 hobgoblins (D:1)
  8 jackals (D:2)
  5 bats (D:1)
  2 frilled lizards (D:1)
  2 kobolds
  7 rats
40 creatures vanquished.

Notes
Turn   | Place    | Note
-------+----------+-------------------------------------------
     0 | D:1      | PikkenKukken the Demonspawn Fighter began the quest for the
                  | Orb.
     0 | D:1      | Reached XP level 1. HP: 18/18 MP: 1/1
   158 | D:1      | Gained mutation: You are partially covered in sharp spines.
                  | [demonic ancestry]
   158 | D:1      | Reached XP level 2. HP: 21/24 MP: 2/2
   844 | D:2      | Gained mutation: You have large cloven feet. [demonic
                  | ancestry]
   844 | D:2      | Reached XP level 3. HP: 25/29 MP: 3/3
  1155 | D:3      | Reached skill level 1 in Throwing
  1258 | D:3      | Reached XP level 4. HP: 35/35 MP: 4/4
  1265 | D:3      | Reached skill level 1 in Dodging
  1273 | D:3      | Slain by a gnoll

Vault maps used:
D:1:      grunt_arrival_lava_bath, minmay_misc_feat_secret_circle

Skill      XL: |  1  2  3  4 |
---------------+-------------+-----
Axes           | 2 |  2.7
Throwing       | 1 |  1.2
Armour         | 3 |  3.0
Dodging        | 1 |  1.0
Shields        | 3 |  3.0
Fighting       | |  3.3

Action                   |  1- 3 |  4- 6 || total
-------------------------+-------+-------++-------
Melee: War axe           |    93 |     9 ||   102
       Kick              |     5 |     3 ||     8
  Use: Scroll            |     7 |       ||     7
  Eat: Chunk             |     1 |       ||     1
Armor: Scale mail        |    37 |       ||    37
       Chain mail        |    21 |     5 ||    26
Dodge: Dodged            |    25 |     3 ||    28
Block: Shield            |    60 |    10 ||    70

Table legend:
 A = Non-vault XP
 B = Vault XP
 C = Vault XP percentage of total XP
 D = Non-vault monster count
 E = Vault monster count
 F = Vault count percentage of total count
                 A         B        C        D         E       F
            +---------+---------+-------+---------+---------+-------
      Total |     131 |       0 |   0.0 |      40 |       0 |   0.0
            +---------+---------+-------+---------+---------+-------
        D:1 |      26 |       0 |   0.0 |      15 |       0 |   0.0
        D:2 |      32 |       0 |   0.0 |      16 |       0 |   0.0
        D:3 |      73 |       0 |   0.0 |       9 |       0 |   0.0
            +---------+---------+-------+---------+---------+-------
